 Dungeon Crawl Stone Soup version 0.17.0-28-g6e173f8 (webtiles) character file.

182 shane the Skirmisher (level 5, -1/64 HPs)
             Began as a Demonspawn Gladiator on Nov 28, 2015.
             Was an Initiate of Okawaru.
             Killed by static electricity
             ... invoked by DEAD MONSTER
              (2 damage)
             ... on level 3 of the Dungeon on Nov 29, 2015.
             The game lasted 00:15:15 (2629 turns).

shane the Skirmisher (Demonspawn Gladiator)         Turns: 2629, Time: 00:15:15

Health: -1/64      AC: 22    Str: 19    XL:     5   Next: 34%
Magic:  5/5        EV:  2    Int: 10    God:    Okawaru [......]
Gold:   104        SH:  0    Dex: 13    Spells: 0 memorised, 4 levels left

rFire  . . .     SeeInvis .     a - +0 quarterstaff
rCold  . . .     Clarity  .     (armour currently unavailable)
rNeg   + + +     SustAt   .     (shield currently unavailable)
rPois  +         Gourm    .     (helmet currently unavailable)
rElec  .         Spirit   .     (cloak currently unavailable)
rCorr  .         Warding  .     (gloves currently unavailable)
rMut   .         NoTele   +     (boots currently unavailable)
MR     .....                    (no amulet)
Stlth  +++.......               i - +3 ring of strength
                                p - ring of flight (curse)

@: tree-form, not resistant to hostile enchantments, fairly stealthy
A: (claws 0), rugged brown scales 1, nightstalker 1
a: Renounce Religion


You were on level 3 of the Dungeon.
You worshipped Okawaru.
Okawaru was noncommittal.
You were hungry.
You were a tree.
You visited 1 branch of the dungeon, and saw 3 of its levels.

You collected 104 gold pieces.

Inventory:

Hand Weapons
 a - a +0 quarterstaff (weapon)
 f - a +0 dagger of venom
 t - a +0 mace
 x - a +0 mace
Missiles
 d - 5 throwing nets (quivered)
Armour
 b - a +0 leather armour (melded)
 c - a +0 helmet (melded)
Jewellery
 i - a +3 ring of strength (right branch)
 n - a +4 ring of intelligence
 p - a cursed ring of flight (left branch)
Wands
 l - a wand of flame (27)
Scrolls
 h - a scroll of enchant weapon {unknown}
 k - 3 scrolls of identify {unknown}
 o - 4 scrolls of noise {unknown}
 q - 2 scrolls of enchant armour {unknown}
 r - 2 scrolls of amnesia {unknown}
 s - a scroll of blinking {unknown}
 v - a scroll of recharging {unknown}
 w - a scroll of remove curse
Potions
 j - 2 potions of might
Comestibles
 e - 4 bread rations
 m - 3 meat rations
 z - 3 fruits
 A - a slice of pizza


   Skills:
 * Level 4.2 Fighting
 - Level 0.1 Short Blades
 - Level 3.2 Staves
 - Level 2.0 Throwing
 - Level 0.3 Armour
 - Level 3.3 Dodging
 - Level 1.2 Stealth


You had 4 spell levels left.
You didn't know any spells.

Dungeon Overview and Level Annotations

Branches:
Dungeon (3/15)

Altars:
Ashenzari
Okawaru


Innate Abilities, Weirdness & Mutations

((You have very sharp fingernails.))
(You are partially covered in rugged brown scales (AC +1, +3% HP).)
You are slightly more attuned to the shadows.


Message History

* * * LOW HITPOINT WARNING * * *
The lightning arcs!
Root's ghost is struck by lightning.
The lightning arcs!
You are struck by lightning.
* * * LOW HITPOINT WARNING * * *
The lightning arcs!
Root's ghost is struck by lightning.
The lightning grounds out.
You closely miss root's ghost.
Root's ghost is almost destroyed.
Root's ghost gestures wildly while chanting.
You are struck by lightning.
* * * LOW HITPOINT WARNING * * *
The lightning arcs!
Root's ghost is struck by lightning.
Root's ghost is destroyed!
Ashenzari seems mollified.
Your Fighting skill increases to level 4!
You have reached level 5!
Your demonic ancestry asserts itself...
Your fingernails sharpen.
The lightning arcs!
You are struck by lightning.
You die...

# #. ##.##
....# #...
'.#...##
..!....###
#....#..♣##
.r># ###..#
## ##.# #.#
#.# #.# #.#
#.# #.#


There were no monsters in sight!

Vanquished Creatures
  3 adders
  2 oozes
  4 worms
  2 giant geckos
  4 orcs (D:3)
  4 giant cockroaches
  4 goblins (D:1)
  7 hobgoblins
  6 jackals (D:3)
  2 quokkas (D:2)
  8 bats
  A giant newt (D:1)
  6 kobolds
  7 rats
60 creatures vanquished.

Vanquished Creatures (others)
  The ghost of root the Gusty, an amateur TeAE (D:3)
1 creature vanquished.

Grand Total: 61 creatures vanquished

Notes
Turn   | Place    | Note
--------------------------------------------------------------
     0 | D:1      | shane the Demonspawn Gladiator began the quest for the Orb.
     0 | D:1      | Reached XP level 1. HP: 16/16 MP: 1/1
   339 | D:1      | Gained mutation: You are slightly more attuned to the shadows. [demonic ancestry]
   339 | D:1      | Reached XP level 2. HP: 17/22 MP: 2/2
   595 | D:1      | Reached skill level 3 in Dodging
   786 | D:2      | HP: 1/22 [worm (10)]
   791 | D:2      | Gained mutation: You have sharp fingernails. [demonic ancestry]
   791 | D:2      | Reached XP level 3. HP: 1/27 MP: 3/3
  1631 | D:2      | Reached skill level 1 in Stealth
  1644 | D:2      | Found a shattered altar of Ashenzari.
  1644 | D:2      | Found an iron altar of Okawaru.
  1675 | D:2      | Became a worshipper of Ashenzari the Shackled
  1694 | D:2      | Fell from the grace of Ashenzari
  1694 | D:2      | Became a worshipper of Warmaster Okawaru
  1857 | D:2      | Gained mutation: You are partially covered in rugged brown scales (AC +1, +3% HP). [demonic ancestry]
  1857 | D:2      | Reached XP level 4. HP: 27/33 MP: 4/4
  2575 | D:3      | Noticed root's ghost (amateur TeAE)
  2629 | D:3      | HP: 1/54 [root's ghost/static electricity (3)]
  2629 | D:3      | Killed root's ghost
  2629 | D:3      | Was forgiven by Ashenzari
  2629 | D:3      | Reached skill level 4 in Fighting
  2629 | D:3      | Gained mutation: You have very sharp fingernails. [demonic ancestry]
  2629 | D:3      | Reached XP level 5. HP: 1/43 MP: 5/5
  2629 | D:3      | Killed from afar by DEAD MONSTER

Action                   |  1- 3 |  4- 6 || total
-------------------------+-------+-------++-------
Melee: Dagger            |   103 |    74 ||   177
       Quarterstaff      |    16 |     9 ||    25
  Use: Potion            |     1 |     3 ||     4
 Stab: Sleeping          |     9 |     4 ||    13
  Eat: Meat ration       |     1 |       ||     1
